Map: Alcyone LE

Players

llllllllllll

  • Race: Terran Terran
  • League: Grandmaster
  • Spawn Location: 7:00

좀비맨 - Winner!

  • Race: Zerg Zerg
  • Spawn Location: 1:00

VOD

Have the link to the VOD?

Description

Time

  • Played on: Sept. 2, 2024, 10:18 a.m.
  • Length: 36:04
Show
View Real Time Build Order
Export as new Build Order

llllllllllll Terran 

Build Orders:  

Get SALT Encoding   

  12  0:00  SCV  
  13  0:13  SCV  
  14  0:18  Supply Depot  
  14  0:25  SCV  
  15  0:39  SCV  
  15  0:42  Barracks  
  16  0:47  Refinery  
  16  0:51  SCV  
  16  0:55  Refinery  
  17  1:03  SCV  
  18  1:16  SCV  
  19  1:30  Marine, Orbital Command  
  20  1:37  Ghost Academy  
  20  1:47  Supply Depot  
  20  1:51  Barracks Tech Lab  
  20  1:57  SCV  
  21  2:09  SCV  
  21  2:12  Ghost  
  24  2:21  SCV  
  25  2:25  Personal Cloaking  
  25  2:33  SCV  
  26  2:42  Ghost  
  28  2:55  Command Center  
  28  3:01  SCV  
  29  3:13  SCV  
  29  3:17  Factory  
  30  3:20  Barracks Reactor  
  30  3:34  Command Center, SCV  
  31  4:06  SCV  
  32  4:12  Marine x2  
  32  4:14  Siege Tank  
  32  4:15  Orbital Command  
  37  4:18  SCV, Barracks  
  38  4:30  SCV  
  39  4:33  Marine x2  
  41  4:43  SCV  
  42  4:48  Orbital Command  
  45  4:55  SCV  
  42  5:00  Marine x2, Orbital Command  
  44  5:07  SCV  
  44  5:11  Starport  
  42  5:15  SCV  
  42  5:17  Factory Reactor, Marine, Stimpack  
  42  5:18  Marine x2  
  42  5:19  SCV  
  47  5:27  SCV  
  43  5:31  SCV  
  43  5:34  SCV  
  43  5:35  Marine x3  
  45  5:39  SCV  
  49  5:43  SCV  
  49  5:46  SCV  
  49  5:48  Supply Depot  
  49  5:49  Supply Depot  
  51  5:51  SCV  
  51  5:53  Marine x3  
  51  5:55  SCV  
  56  5:58  Medivac x2  
  56  5:59  SCV  
  56  6:03  Factory Tech Lab  
  61  6:05  Refinery  
  61  6:07  Refinery  
  61  6:10  SCV x2  
  61  6:11  Marine x2  
  64  6:12  Supply Depot, Orbital Command  
  64  6:17  Engineering Bay  
  65  6:18  Supply Depot, Engineering Bay  
  65  6:21  Marine  
  65  6:22  SCV x2, Siege Tank  
  71  6:29  Marine x2  
  73  6:34  SCV x2  
  73  6:39  Marine, Command Center  
  76  6:40  Starport Reactor  
  76  6:42  SCV  
  76  6:46  Terran Infantry Weapons Level 1, SCV x2, Terran Infantry Armor Level 1  
  79  6:48  Marine x2  
  79  6:54  SCV  
  82  6:57  Combat Shield, Barracks  
  82  6:58  SCV x2  
  84  7:04  Supply Depot  
  84  7:05  Marine, Supply Depot  
  84  7:06  Marine x2, SCV  
  83  7:15  Siege Tank  
  85  7:26  Marine, SCV x3  
  85  7:27  Marine x2  
  85  7:29  Refinery x2  
  90  7:31  Barracks  
  90  7:33  Barracks  
  90  7:36  Medivac x2  
  94  7:38  SCV x2  
  96  7:44  Marine x2  
  96  7:45  Marine  
  96  7:46  Marine x2  
  96  7:48  SCV, Siege Tank  
  96  7:51  Factory  
  105  7:56  SCV  
  105  7:57  SCV  
  107  8:00  SCV  
  107  8:02  Armory  
  104  8:09  Marine x4  
  104  8:10  Marine  
  104  8:11  SCV x2  
  105  8:13  SCV  
  105  8:19  Missile Turret  
  106  8:20  Missile Turret, Siege Tank  
  106  8:21  Missile Turret  
  106  8:23  Missile Turret  
  109  8:28  Marine x3  
  109  8:29  Supply Depot, Barracks Reactor  
  109  8:31  Barracks Reactor  
  112  8:36  Missile Turret  
  112  8:37  Factory Reactor  
  112  8:41  SCV x3, Supply Depot  
  115  8:42  Marine x2  
  115  8:46  Marine x2  
  118  8:52  Barracks Reactor x2  
  118  8:54  Marine  
  119  8:58  SCV x2  
  119  8:59  Missile Turret  
  119  9:00  Marine x2, Planetary Fortress  
  119  9:01  Terran Infantry Weapons Level 2  
  123  9:03  Marine  
  123  9:04  Marine, Supply Depot  
  123  9:07  SCV  
  126  9:10  SCV x2  
  126  9:13  Marine  
  129  9:17  Missile Turret  
  129  9:18  Marine  
  129  9:19  Missile Turret, SCV  
  129  9:22  Missile Turret, SCV  
  131  9:27  SCV  
  131  9:31  SCV  
  131  9:32  Marine x4, Missile Turret x2  
  131  9:34  SCV  
  131  9:38  SCV  
  138  9:39  SCV  
  138  9:40  Medivac x2  
  138  9:41  Drilling Claws  
  138  9:43  SCV  
  144  9:46  SCV  
  144  9:50  SCV, Widow Mine  
  148  9:54  Supply Depot  
  148  9:55  Supply Depot, SCV x2, Thor, Terran Infantry Armor Level 2  
  148  9:57  Terran Vehicle And Ship Armor Level 1  
  156  10:05  Supply Depot x2  
  156  10:08  Marine  
  156  10:10  Marine  
  156  10:16  Marine x3, SCV x3, Widow Mine  
  156  10:17  Marine x2, Medivac  
  156  10:18  Medivac  
  156  10:20  Marine  
  171  10:27  Widow Mine  
  171  10:29  Marine  
  171  10:32  SCV x2  
  174  10:37  Marine x3, Marauder  
  174  10:38  SCV x2, Widow Mine  
  174  10:39  Refinery  
  174  10:41  Refinery  
  183  10:46  Command Center  
  183  10:48  Command Center  
  183  10:49  Widow Mine  
  185  10:55  Missile Turret x2, Medivac  
  185  10:56  Medivac  
  187  10:57  Missile Turret  
  187  10:59  Marine  
  188  11:20  Marine  
  188  11:21  Marine x4  
  188  11:22  Marine x2, Sensor Tower  
  188  11:23  Marauder, Thor, Widow Mine  
  165  11:29  Marine  
  165  11:31  Widow Mine  
  154  11:38  Marine  
  154  11:39  Marine x2, Barracks  
  157  11:40  Barracks x2  
  157  11:44  Widow Mine  
  157  11:46  Marine x3, Marauder  
  157  11:47  Marine x2  
  164  11:53  Liberator x2  
  171  11:58  Terran Infantry Weapons Level 3, Fusion Core  
  171  11:59  Starport  
  171  12:00  Terran Vehicle And Ship Armor Level 2  
  171  12:04  Marine  
  171  12:06  Thor  
  171  12:08  Marauder  
  180  12:10  Marine  
  180  12:12  Marine  
  157  12:29  Marauder, Widow Mine x2  
  146  12:34  Marine  
  146  12:36  Liberator x2  
  140  12:49  Barracks Tech Lab x3, Thor  
  140  12:50  Widow Mine  
  140  12:51  Marauder  
  140  12:54  Marine x3  
  140  12:55  Marine x5  
  136  13:08  Ghost x3  
  136  13:11  Ghost  
  136  13:12  Marine x5  
  143  13:18  Marine x2  
  141  13:22  Marine  
  135  13:29  Marine, Starport Reactor  
  135  13:30  Marine x2  
  135  13:32  Siege Tank  
  135  13:33  Marine x2, Planetary Fortress  
  137  13:34  Orbital Command  
  137  13:36  Marine, Ghost x2  
  137  13:37  Ghost  
  137  13:40  Widow Mine x2  
  137  13:41  Marauder  
  150  13:44  Liberator x2  
  150  13:45  Advanced Ballistics, Terran Infantry Armor Level 3  
  156  13:51  SCV x2  
  156  13:52  SCV x2  
  160  14:02  Marauder  
  162  14:05  Ghost x2  
  164  14:10  Command Center  
  164  14:14  Ghost  
  166  14:22  Ghost  
  168  14:27  Liberator x2  
  168  14:28  Marine x4  
  178  14:33  Ghost, Widow Mine x2  
  178  14:34  Ghost  
  178  14:37  Missile Turret  
  186  14:41  Missile Turret  
  186  14:43  Missile Turret, Command Center, Ghost  
  188  14:47  Missile Turret, Liberator x2  
  188  14:50  Marine x2  
  188  14:51  Ghost  
  198  14:54  Missile Turret  
  198  15:03  Marauder, Terran Ship Weapons Level 1  
  198  15:16  Marauder, Sensor Tower  
  200  15:28  Command Center  
  200  15:29  Sensor Tower  
  200  15:31  Command Center  
  200  15:43  Command Center  
  200  15:51  Missile Turret  
  200  15:53  Missile Turret  
  200  15:54  Missile Turret  
  200  16:17  Planetary Fortress  
  200  16:21  Command Center  
  200  16:24  Sensor Tower  
  200  16:27  Command Center  
  200  16:34  Refinery  
  200  16:37  Refinery  
  200  16:50  Missile Turret  
  200  16:52  Missile Turret  
  200  16:59  Missile Turret  
  200  17:00  Missile Turret, Planetary Fortress  
  200  17:03  Command Center  
  200  17:14  Orbital Command x2  
  200  17:16  Orbital Command  
  200  17:25  Command Center  
  200  17:27  Missile Turret  
  200  17:36  Sensor Tower  
  200  17:37  Refinery  
  200  17:38  Missile Turret  
  200  17:40  Missile Turret  
  200  17:45  Terran Ship Weapons Level 2  
  200  17:46  Nuke  
  200  17:48  Armory  
  200  18:00  Command Center  
  200  18:03  Command Center  
  197  18:08  Ghost  
  197  18:10  Orbital Command  
  199  18:14  Planetary Fortress  
  199  18:16  Missile Turret  
  199  18:23  Hi-Sec Auto Tracking  
  199  18:29  Command Center  
  199  18:57  Orbital Command, Terran Vehicle And Ship Armor Level 3  
  199  19:00  Neosteel Armor  
  199  19:19  Planetary Fortress  
  199  19:20  Orbital Command  
  199  19:24  Factory  
  199  19:26  Factory  
  199  19:33  Factory  
  199  19:36  Infernal Pre-Igniter  
  199  20:01  Terran Vehicle Weapons Level 1  
  188  20:16  Ghost  
  188  20:17  Ghost x3  
  157  20:35  Factory Tech Lab x2  
  157  20:36  Thor  
  157  20:37  Factory Tech Lab  
  163  20:45  Ghost x4  
  171  20:51  Orbital Command  
  171  20:53  Refinery  
  171  20:54  Smart Servos  
  171  20:55  Command Center  
  171  20:59  Refinery  
  171  21:03  Command Center, Missile Turret  
  171  21:07  Missile Turret  
  171  21:08  Missile Turret  
  170  21:13  Ghost  
  170  21:14  Planetary Fortress, Ghost  
  170  21:18  Planetary Fortress  
  172  21:19  Thor  
  178  21:33  Ghost  
  178  21:34  Ghost  
  165  22:34  Ghost x4  
  173  22:56  Nuke  
  173  22:57  Terran Ship Weapons Level 3  
  173  22:58  Terran Vehicle Weapons Level 2  
  173  23:15  Ghost x3  
  173  23:16  Refinery  
  177  23:43  Missile Turret, Thor x3  
  177  23:44  Missile Turret  
  177  23:46  Missile Turret  
  195  23:49  Missile Turret x2, Ghost x2  
  187  24:08  Ghost x2  
  189  24:13  Planetary Fortress  
  189  24:15  Missile Turret, Thor  
  195  24:18  Ghost x2  
  199  24:37  Ghost  
  196  24:46  Ghost  
  196  24:47  Marauder, Orbital Command  
  196  24:50  Command Center  
  196  24:52  Refinery  
  196  25:17  Hellbat x2  
  200  25:23  Ghost x2  
  130  25:52  Thor  
  130  25:53  Thor x3  
  130  25:54  Hellbat x2  
  130  25:55  Ghost x3  
  145  25:59  Medivac x3, Liberator  
  140  26:15  Hellbat x2  
  140  26:17  Terran Vehicle Weapons Level 3  
  144  26:22  Ghost  
  144  26:24  Ghost  
  148  26:26  Missile Turret x2  
  148  26:27  Missile Turret, Sensor Tower  
  148  26:29  Liberator x2  
  154  26:35  Thor x2  
  154  26:36  Thor x2  
  162  26:50  Ghost x2  
  162  26:51  Ghost  
  163  27:01  Ghost  
  145  27:02  Liberator x2  
  152  27:12  Marine x5, Liberator x2  
  152  27:13  Marine  
  152  27:14  Hellbat  
  152  27:15  Hellbat  
  168  27:18  Ghost x2, Thor x2  
  168  27:19  Hellbat x2, Ghost  
  190  27:29  Marine x3, Ghost  
  192  27:30  Marine  
  192  27:32  Missile Turret  
  192  27:36  Hellbat  
  198  27:45  Medivac  
  136  28:05  Thor  
  136  28:06  Ghost x2, Thor  
  136  28:08  Ghost x2  
  136  28:09  Marine x2  
  158  28:17  Hellbat x4  
  168  28:41  Hellbat x3  
  168  28:42  Hellbat  
  174  28:49  Hellbat x2  
  137  29:02  Thor  
  125  29:03  Hellbat x3  
  125  29:05  Marine  
  125  29:06  Marine x3  
  139  29:10  Hellbat  
  141  29:21  Missile Turret  
  96  29:33  Ghost x2  
  96  29:34  Marine x2, Marauder  
  86  29:40  Liberator  
  86  29:41  Liberator  
  86  29:43  Ghost  
  85  29:54  Ghost  
  87  30:00  Liberator  
  87  30:01  Liberator  
  87  30:06  Ghost  
  95  30:19  Siege Tank  
  98  30:23  Liberator x2  
  98  30:24  Ghost  
  106  30:43  Siege Tank, Medivac  
  106  30:48  Marine  
  106  30:49  Marine x3  
  115  30:53  Marine x3, Marauder  
  120  31:01  Missile Turret  
  120  31:03  Missile Turret x2  
  120  31:06  Marine x2  
  120  31:07  Marine  
  123  31:32  Orbital Command  
  123  31:39  Siege Tank  
  128  31:40  Marine, Hellbat x3  
  128  31:41  Missile Turret  
  131  31:58  Refinery  
  98  32:05  Marine x2, Marauder  
  78  32:11  Marine x4  
  78  32:12  Hellbat x2  
  78  32:13  Hellbat  
  78  32:15  Refinery, Marine  
  83  32:16  Marine  
  83  32:19  Marine  
  86  32:29  Hellbat  
  90  32:30  Hellbat  
  90  32:32  Hellbat  
  90  32:33  Marine  
  93  32:57  Siege Tank  
  96  33:01  Hellbat  
  96  33:03  Marine x7  
  96  33:04  Marine x2  
  107  33:15  Hellbat x3  
  107  33:18  Widow Mine  
  115  33:23  Refinery  
  78  34:06  Marine x3  
  78  34:07  Marine  
  78  34:09  Marine x3  
  50  34:10  Marine x5  
  50  34:13  Hellbat  
  46  34:22  Medivac x2  
  44  34:28  Marine  
  40  34:52  Marine  
  40  34:53  Marine  
  42  35:12  Marine  
Show
View Real Time Build Order
Export as new Build Order

좀비맨 Zerg - Winner!

Build Orders: Hatch First 

Get SALT Encoding   

  12  0:00  Drone  
  13  0:13  Overlord  
  13  0:16  Drone  
  14  0:31  Drone  
  14  0:32  Drone  
  16  0:49  Hatchery  
  15  0:51  Drone  
  15  0:56  Drone  
  17  0:58  Drone  
  18  1:10  Extractor  
  17  1:13  Spawning Pool  
  16  1:19  Drone x2  
  18  1:29  Drone  
  20  1:40  Drone  
  20  1:55  Overlord  
  20  2:01  Queen x2  
  20  2:02  Zergling x2  
  20  2:03  Zergling x2  
  26  2:14  Metabolic Boost  
  26  2:25  Hatchery  
  26  2:26  Drone  
  26  2:29  Drone  
  27  2:33  Drone x2  
  29  2:42  Queen  
  31  2:47  Overlord  
  31  2:50  Drone  
  32  2:55  Drone x2  
  34  3:01  Drone x2  
  35  3:13  Drone x5  
  35  3:17  Overlord  
  40  3:31  Queen  
  40  3:32  Queen  
  43  3:36  Queen  
  43  3:38  Drone x2  
  47  3:44  Spore Crawler  
  47  3:45  Drone  
  47  3:48  Spore Crawler  
  46  3:51  Zergling x2  
  46  3:52  Zergling x6  
  46  3:54  Zergling x2  
  48  4:06  Spore Crawler  
  44  4:13  Zergling x2  
  44  4:14  Zergling x2  
  46  4:17  Drone x5  
  50  4:29  Zergling x6  
  51  4:33  Drone x4  
  54  4:45  Drone  
  55  4:46  Overlord  
  54  4:53  Drone x3  
  54  4:55  Overlord  
  57  5:02  Overlord x2  
  57  5:05  Evolution Chamber  
  56  5:09  Drone x4  
  56  5:11  Evolution Chamber  
  59  5:16  Drone x2  
  60  5:26  Drone x3  
  58  5:30  Lair  
  58  5:33  Drone x3  
  61  5:36  Zerg Ground Armor Level 1  
  61  5:37  Zerg Melee Weapons Level 1  
  61  5:38  Drone x3  
  64  5:45  Drone x4  
  68  5:53  Hatchery  
  68  5:55  Drone x4  
  71  5:59  Extractor  
  71  6:00  Extractor  
  71  6:01  Drone  
  71  6:02  Drone x3  
  71  6:03  Drone x2  
  75  6:06  Drone x2  
  77  6:17  Drone x3  
  80  6:19  Extractor  
  80  6:20  Extractor  
  80  6:23  Baneling Nest  
  77  6:26  Queen  
  77  6:31  Drone  
  77  6:32  Overlord  
  80  6:33  Spire, Extractor  
  80  6:35  Drone x3  
  81  6:40  Zergling x14  
  88  6:52  Zergling x12  
  94  7:00  Hatchery  
  92  7:03  Zergling x8  
  92  7:04  Zergling x2  
  92  7:06  Overlord x2  
  86  7:16  Zergling x4  
  86  7:17  Zergling x2  
  84  7:26  Overlord  
  84  7:28  Zergling x4  
  86  7:30  Centrifugal Hooks  
  86  7:45  Mutalisk, Overlord  
  86  7:46  Mutalisk x8  
  86  7:50  Queen  
  106  7:52  Drone x7  
  106  7:56  Overlord x2  
  113  7:58  Zerg Flyer Weapons Level 1  
  113  8:00  Drone x4  
  117  8:10  Drone x3  
  117  8:11  Zerg Ground Armor Level 2  
  120  8:19  Zerg Melee Weapons Level 2  
  120  8:22  Drone x5  
  120  8:23  Drone x3, Spore Crawler  
  120  8:25  Drone x2  
  120  8:26  Drone x3  
  132  8:30  Infestation Pit  
  132  8:34  Drone  
  132  8:36  Drone x2  
  132  8:38  Drone  
  132  8:39  Drone  
  136  8:46  Zergling x4, Baneling x6  
  136  8:47  Baneling x6  
  138  8:49  Zergling x4  
  138  8:53  Spine Crawler  
  138  8:54  Spine Crawler  
  138  8:56  Spine Crawler  
  138  8:57  Drone x4  
  138  8:58  Spore Crawler, Spine Crawler, Drone  
  140  9:03  Zergling x8  
  140  9:05  Overlord x2  
  140  9:09  Hive  
  144  9:13  Zergling x6  
  147  9:21  Overlord  
  147  9:29  Zergling x2  
  147  9:30  Zergling x12  
  152  9:33  Overlord  
  152  9:35  Zergling x6  
  152  9:36  Zergling x2  
  156  9:41  Zergling x4  
  156  9:42  Overlord  
  158  9:46  Extractor x2  
  158  9:47  Drone x3  
  158  9:48  Drone x3  
  158  9:49  Zergling x12  
  168  9:53  Overlord  
  168  9:54  Hatchery  
  168  9:55  Baneling x7, Hatchery  
  168  9:56  Baneling x4  
  168  9:57  Hatchery  
  168  9:58  Overlord  
  165  10:19  Overlord  
  165  10:28  Adrenal Glands  
  165  10:29  Zerg Flyer Weapons Level 2, Ultralisk Cavern  
  165  10:32  Drone x2  
  166  10:35  Drone  
  166  10:36  Drone, Extractor  
  166  10:37  Extractor  
  166  10:39  Drone x3  
  166  10:40  Zergling x2, Drone x3  
  166  10:41  Zergling x22  
  184  10:49  Overlord  
  184  10:58  Overseer  
  184  10:59  Overseer  
  184  11:00  Zergling x10  
  184  11:02  Baneling x5  
  184  11:03  Zerg Melee Weapons Level 3, Zerg Ground Armor Level 3  
  189  11:08  Baneling x17  
  189  11:09  Baneling x5  
  189  11:15  Zergling x18  
  168  11:29  Chitinous Plating, Ultralisk x4  
  168  11:31  Zergling x12  
  194  11:39  Drone x3  
  200  11:40  Drone x3  
  200  11:56  Pneumatized Carapace  
  198  12:18  Hatchery  
  177  12:26  Hatchery  
  177  12:28  Ultralisk  
  177  12:29  Ultralisk x5  
  189  12:46  Ultralisk x2  
  189  12:47  Anabolic Synthesis  
  189  12:48  Zergling x2  
  200  12:56  Drone  
  200  12:57  Drone x5  
  192  13:06  Hatchery  
  192  13:10  Corruptor x4  
  183  13:30  Zerg Flyer Armor Level 1  
  181  13:35  Drone x13  
  181  13:36  Drone x6  
  200  13:54  Overseer x2  
  200  14:17  Unknown  
  200  14:18  Spore Crawler  
  200  14:19  Spine Crawler, Drone x3  
  200  15:02  Extractor  
  200  15:03  Extractor  
  198  15:32  Unknown  
  198  15:34  Drone x3  
  200  15:41  Drone, Spore Crawler  
  200  15:51  Greater Spire  
  200  15:53  Spire  
  199  16:15  Extractor x2  
  194  17:05  Drone x3  
  197  17:25  Hatchery  
  197  17:26  Zerg Flyer Weapons Level 3, Zerg Flyer Armor Level 2  
  197  17:28  Spore Crawler  
  195  17:31  Spore Crawler  
  191  18:58  Overlord  
  190  19:30  Extractor  
  189  19:33  Drone x3  
  189  19:34  Drone x4  
  196  19:46  Spine Crawler  
  195  19:53  Zerg Flyer Armor Level 3  
  194  20:01  Burrow  
  145  20:42  Spine Crawler  
  144  20:43  Spine Crawler  
  144  20:44  Spine Crawler  
  144  20:45  Spine Crawler x2  
  144  20:46  Spine Crawler  
  144  20:48  Spore Crawler  
  138  20:50  Spore Crawler  
  137  21:04  Zergling x40, Spine Crawler  
  142  21:05  Spine Crawler x2  
  142  21:06  Spine Crawler  
  142  21:07  Spore Crawler x2  
  142  21:08  Spine Crawler, Spore Crawler  
  142  21:10  Spine Crawler  
  148  21:15  Spine Crawler  
  148  21:16  Spore Crawler  
  148  21:18  Spore Crawler  
  145  21:33  Baneling x18  
  145  21:38  Hatchery  
  144  21:55  Corruptor x10  
  144  21:56  Corruptor x5  
  144  21:57  Corruptor x4  
  144  22:00  Neural Parasite  
  173  22:16  Infestor x3  
  173  22:17  Infestor x3  
  177  22:40  Unknown, Brood Lord x11  
  198  23:24  Spore Crawler  
  198  23:26  Spore Crawler  
  196  23:35  Overseer  
  196  23:39  Spore Crawler  
  196  23:40  Spore Crawler x2  
  192  23:54  Infestor x6  
  191  24:09  Brood Lord x7  
  199  24:22  Zergling x2  
  200  24:34  Overseer x5  
  192  24:44  Spore Crawler  
  183  24:45  Spine Crawler  
  183  24:46  Spine Crawler x2  
  183  24:47  Spine Crawler x2  
  183  24:49  Spore Crawler  
  177  25:06  Zergling x2  
  177  25:07  Zergling x20  
  126  25:50  Ultralisk x6  
  126  25:51  Ultralisk x7  
  126  25:53  Zergling x8  
  195  25:59  Brood Lord x3  
  191  26:11  Zergling x2  
  191  26:12  Zergling x14  
  191  26:19  Ultralisk  
  191  26:20  Overlord x2  
  191  26:21  Zergling x6  
  192  26:45  Ultralisk x4  
  189  26:47  Zergling x18  
  189  26:48  Zergling x4  
  189  26:57  Overseer x5  
  189  27:00  Zergling x24  
  189  27:16  Zergling x18, Hatchery  
  189  27:17  Zergling x2  
  189  27:21  Baneling x4  
  189  27:22  Baneling x15  
  198  27:29  Spore Crawler  
  197  27:40  Corruptor x2  
  197  27:41  Extractor x2  
  138  27:59  Corruptor x5  
  138  28:00  Corruptor x7  
  138  28:02  Overseer x4  
  136  28:09  Zergling x16  
  136  28:10  Zergling x46  
  136  28:12  Zergling x2, Ultralisk x4  
  184  28:13  Zergling x10  
  190  28:24  Zergling x2  
  190  28:25  Zergling x18  
  198  28:36  Zergling x2  
  198  28:37  Overlord x4  
  189  28:50  Zergling x2  
  189  28:51  Zergling x8  
  189  28:53  Zergling x2  
  189  28:54  Ultralisk x7  
  189  28:55  Zergling x18  
  190  29:01  Ultralisk x2  
  199  29:09  Spore Crawler  
  198  29:10  Spore Crawler  
  197  29:18  Zergling x4  
  195  29:30  Zergling x2  
  195  29:31  Zergling x44  
  185  29:32  Zergling x2, Overseer x2  
  185  29:36  Zergling x2  
  192  30:19  Extractor  
  191  30:22  Extractor  
  191  30:28  Zergling x20  
  97  32:12  Zergling x2  
  97  32:13  Zergling x50  
  97  32:14  Zergling x8  
  116  32:16  Queen  
  116  32:17  Queen x2  
  116  32:19  Queen x2  
  126  32:25  Zergling x8  
  126  32:26  Zergling x12  
  136  32:36  Zergling x20  
  146  32:38  Baneling  
  146  32:39  Baneling x12  
  146  32:43  Baneling  
  146  32:44  Baneling x7  
  146  32:48  Zergling x16  
  146  32:49  Zergling x10  
  159  32:55  Zergling x6  
  159  32:57  Zergling x16  
  170  33:02  Ultralisk x2  
  182  33:10  Zergling x16  
  182  33:11  Zergling x2  
  191  33:15  Zergling x2  
  192  33:20  Zergling x14  
  192  33:24  Baneling x9  
  199  33:27  Baneling x12  
  120  34:14  Zergling x44  
  120  34:15  Zergling x38  
  151  34:22  Zergling x8  
  151  34:23  Zergling x12  
  156  34:33  Zergling x2  
  156  34:34  Zergling x16  
  165  34:50  Zergling x22  
  165  34:51  Zergling x40  
  196  34:58  Zergling x2, Extractor  
  196  34:59  Zergling x8  
  200  35:01  Extractor  
  199  35:19  Overseer x2  
  199  35:20  Overseer  
Tags
 
Matchup
TvZ
Spawn Locations
Cross Positions
Add a new tag
Caveats
  • Supply blocks, unpowered buildings, or Contaminate may cause inaccurate times.
  • Supply counts are checked every 10 seconds.